[Event "Early-Titled-Tuesday-Blitz-July-09-2024"]
[Site "Chess.com"]
[Date "2024.07.09"]
[Round "4"]
[White "Defenstrator"]
[Black "brm72"]
[Result "0-1"]
[WhiteElo "2408"]
[BlackElo "2672"]
[TimeControl "180+1"]
[EndTime "8:39:50 PDT"]
[Termination "brm72 won by checkmate"]

1. Na3 d5 2. c4 d4 3. e3 e5 4.
Nf3 Nc6 5. exd4 exd4 6. d3 Nf6 7. Be2 Be7 8. O-O O-O 9. Nc2 a5 10. b3 Re8 11. a3 h6 12. Rb1 Bg4 13. b4 axb4 14.
axb4 Bxf3 15. Bxf3 Rb8 16. b5 Ne5 17. Be2 Bc5 18. f4 Ng6 19. Bf3 b6 20. Re1 Qd6 21. g3 Rxe1+ 22. Qxe1 Re8 23. Qf2 Ne7 24. Bb2 Nf5 25.
Re1 Ne3 26. Nxe3 dxe3 27. Qe2 Bd4 28. Bc1 Qc5 29. Kg2 g5 30. fxg5 hxg5 31. Bg4 Kg7 32. Qf3 Qe5 33. Bf5 Bc5 34. Be4 Nxe4 35. Bxe3 Nf6 36.
Bd2 Qb2 37. Rxe8 Nxe8 38. Qe2 Nd6 39. Kh3 Qf6 40. Qe1 Qf5+ 41. Kg2 g4 42. Bc3+ Kg6 43. Qe7 Qf3# 0-1

[Event "Early-Titled-Tuesday-Blitz-July-09-2024"]
[Site "Chess.com"]
[Date "2024.07.09"]
[Round "4"]
[White "DontMessWithTheFish"]
[Black "eljanov"]
[Result "0-1"]
[WhiteElo "2598"]
[BlackElo "2917"]
[TimeControl "180+1"]
[EndTime "8:39:51 PDT"]
[Termination "eljanov won by resignation"]

1. e4 c6 2. d4 d5 3. Nc3 dxe4 4. Nxe4 Nf6 5. Nxf6+ exf6 6. c3 Bd6 7. Bd3 O-O 8.
Ne2 Re8 9. O-O Nd7 10. Ng3 g6 11. Bd2 f5 12. Qf3 Nf6 13. Rfe1 Rxe1+ 14. Rxe1 Be6 15.
Bg5 Be7 16. Qd1 Nd5 17. Bxe7 Qxe7 18. Bc4 Qf6 19. Bxd5 Bxd5 20. Re5 a5 21. b3 b5 22. Qe2 a4 23. c4 axb3 24. axb3 Ra1+ 25. Nf1 bxc4 26.
bxc4 Be6 27. Qb2 Rd1 28. Qc3 Qd8 29. d5 cxd5 30. cxd5 Bxd5 31. Re1 Bb7 32. f3 Ba6 33. Ne3 Rd3 34. Qc5 h5 35. h3 Bb7 36. Qb4 Bc6 37.
Qb2 f4 38. Qc3 Rxc3 0-1

[Event "Early-Titled-Tuesday-Blitz-July-09-2024"]
[Site "Chess.com"]
[Date "2024.07.09"]
[Round "4"]
[White "Brown_Bear_MGL"]
[Black "maciek_92"]
[Result "0-1"]
[WhiteElo "2629"]
[BlackElo "2834"]
[TimeControl "180+1"]
[EndTime "8:39:52 PDT"]
[Termination "maciek_92 won on time"]

1. b3 b6 2. e4 Bb7 3. Nc3 e6 4. Nf3 d5 5. exd5 exd5 6. d4 Bb4 7. Bd2 Ne7 8. Bd3 Nd7 9. a3 Bxc3 10. Bxc3 O-O 11. O-O Ng6 12. g3 c5 13. Bb2 Qc7 14. Qd2 c4 15. Bf5 Nf6 16. Ne5 Bc8 17. Bxc8 Raxc8 18. bxc4 dxc4 19. Nxg6 hxg6 20. c3 Nd5 21. a4 Rfe8 22. a5 b5 23. Ba3 a6 24.
Bc5 Re6 25. Rfe1 Rce8 26. Rxe6 Rxe6 27. Re1 Qxa5 28. Rxe6 fxe6 29. Qg5 Kf7 30. Qh4 Qxc3 31. Qh8 Qe1+ 32. Kg2 Qe4+ 33. Kg1 g5 34. Qf8+ Kg6 35. Bd6 Nf6 36. Be5 Qf5 37. Qc8 g4 38. Bf4 Nd5 39. Be5 c3 40. Qe8+ Qf7 41. Qc6 b4 42. Qc4 a5 43. Qe2 Qf3 0-1

[Event "Early-Titled-Tuesday-Blitz-July-09-2024"]
[Site "Chess.com"]
[Date "2024.07.09"]
[Round "4"]
[White "bazar-wokzal"]
[Black "Alexchess1984"]
[Result "1/2-1/2"]
[WhiteElo "2602"]
[BlackElo "2795"]
[TimeControl "180+1"]
[EndTime "8:39:53 PDT"]
[Termination "Game drawn - insufficient material"]

1. e4 c5 2. c3 a6 3. d4 cxd4 4. cxd4 d5 5. e5 Nc6 6. Nc3 Bf5 7.
g4 Bd7 8. Bg2 e6 9. Be3 h5 10.
h3 hxg4 11. hxg4 Rxh1 12. Bxh1 Qh4 13. Bf3 f6 14. exf6 Nxf6 15. g5 Ne4 16. Nxe4 dxe4 17. Bh5+ Kd8 18. Qg4 Bb4+ 19. Ke2 Qh2 20. Rd1 Ne7 21.
Bf4 Bb5+ 22. Ke3 Nd5+ 23. Kxe4 Nxf4 24. Qxf4 Qxh5 25. Nf3 Bc6+ 26. d5 Bxd5+ 27. Ke5 Ke7 28. Qxb4+ Kf7 29. Rxd5 exd5 30. Qxb7+ Kg6 31. Qxa8 Qxf3 32.
Qxd5 Qxf2 33. Qe6+ Kxg5 34. Qxa6 Qxb2+ 35. Ke4 Kh4 36. Qe6 Qe2+ 37. Kf5 Qxe6+ 38. Kxe6 g5 39. a4 g4 40. a5 g3 41. a6 g2 42. a7 g1=Q 43. a8=Q Qe3+ 44. Kd6 Qd4+ 45. Qd5 Qxd5+ 46. Kxd5 1/2-1/2

[Event "Early-Titled-Tuesday-Blitz-July-09-2024"]
[Site "Chess.com"]
[Date "2024.07.09"]
[Round "4"]
[White "dapsay"]
[Black "sofaceindisguise"]
[Result "1-0"]
[WhiteElo "2569"]
[BlackElo "2761"]
[TimeControl "180+1"]
[EndTime "8:39:53 PDT"]
[Termination "dapsay won by resignation"]

1. e4 c6 2. Nf3 d5 3. Nc3 dxe4 4. Nxe4 Nf6 5. Ng3 g6 6. Bc4 Bg7 7. O-O O-O 8. d4 Bg4 9. c3 Nbd7 10. h3 Bxf3 11. Qxf3 e5 12. Rd1 exd4 13. Rxd4 Qb6 14. Qd1 Ne5 15. Bb3 Rad8 16. Be3 Qc7 17. Qe2 Nd5 18. Bg5 Bf6 19. Bxf6 Nxf6 20. Rad1 Rxd4 21. Rxd4 Re8 22. Qd2 c5 23. Rf4 Kg7 24. Ne4 Nxe4 25. Rxe4 c4 26. Bxc4 Nxc4 27. Qd4+ Ne5 28. f4 Rd8 29.
Qxe5+ Qxe5 30. Rxe5 Rd2 31. Rb5 b6 32. a4 h5 33. h4 Kf6 34. Kh2 Ke6 35. Kg3 Rd3+ 36.
Kf2 Rd2+ 37. Kf3 Rd3+ 38. Ke2 Rg3 39. Rg5 Rxg5 40. fxg5 Kf5 41. Kf3 Ke5 42. b3 Kd5 43. Kf4 a6 44. g3 a5 45. b4 Kc4 46. bxa5 bxa5 47. Ke5 Kb3 48. Kf6 Kxa4 49. Kxf7 Kb3 50.
Kxg6 a4 51. Kxh5 a3 52. g6 a2 53. g7 a1=Q 54. g8=Q+ Kc2 55. Qg6+ Kd2 56. c4 Ke3 57. g4 Kf4 58. Qf5+ Kg3 59. g5 Qh8+ 60. Kg6 Qg8+ 61. Kh6 Qh8+ 62. Qh7 Qf8+ 63. Qg7 Qd6+ 64. Qf6 Qc5 65. h5 Kg4 66. Qe6+ Kh4 67. Qe4+ Kg3 68. g6 Qf8+ 69. Kh7 Qa8 70. Qxa8 1-0

[Event "Early-Titled-Tuesday-Blitz-July-09-2024"]
[Site "Chess.com"]
[Date "2024.07.09"]
[Round "4"]
[White "bilosuvenosu06"]
[Black "ArmanGhevondyanchess"]
[Result "1-0"]
[WhiteElo "2555"]
[BlackElo "2741"]
[TimeControl "180+1"]
[EndTime "8:39:53 PDT"]
[Termination "bilosuvenosu06 won on time"]

1. d4 Nf6 2. c4 g6 3. Nc3 d5 4. cxd5 Nxd5 5. e4 Nxc3 6. bxc3 Bg7 7. Be3 O-O 8. Nf3 c5 9. Be2 cxd4 10. cxd4 Nc6 11.
h3 Qa5+ 12. Bd2 Qa3 13. Be3 Qa5+ 14. Bd2 Qa3 15. Be3 Rd8 16. O-O b6 17. Bc4 Bb7 18. Qd2 Na5 19. Bd3 Rac8 20. Rac1 b5 21. d5 Nc4 22.
Bxc4 bxc4 23. Bd4 c3 24. Qc2 Ba6 25. Rfd1 Bb5 26. Bxg7 Kxg7 27. Rd4 Rd7 28. Rb1 a6 29. Rb3 Qc5 30. a4 Bc4 31. Rxc3 Rdc7 32. Rdxc4 Qxc4 33.
Rxc4 Rxc4 34. Qb2+ f6 35. e5 Rc1+ 36. Kh2 R1c2 37.
Qb7 R8c7 38. Qxa6 Rxf2 39. d6 Rcc2 40. Ne1 Rce2 41. dxe7 Rxe5 42. Nd3 Rfe2 43. Nxe5 Rxe5 44. Qd6 Kf7 45. a5 Rxe7 46. Qxe7+ Kxe7 47. a6 1-0

[Event "Early-Titled-Tuesday-Blitz-July-09-2024"]
[Site "Chess.com"]
[Date "2024.07.09"]
[Round "4"]
[White "Hikaru"]
[Black "iwanyu"]
[Result "0-1"]
[WhiteElo "3218"]
[BlackElo "2899"]
[TimeControl "180+1"]
[EndTime "8:39:56 PDT"]
[Termination "iwanyu won by resignation"]

1. b3 Nf6 2. Bb2 g6 3. d4 Bg7 4. Nf3 c5 5. dxc5 Qa5+ 6. Nbd2 Qxc5 7. e3 Qc7 8. c4 O-O 9. g3 b6 10. Bg2 Bb7 11. O-O d6 12. Qe2 Nbd7 13. Rac1 Rac8 14. e4 e5 15. Ne1 Bh6 16. Rd1 Nc5 17. f3 b5 18. cxb5 d5 19. exd5 Nxd5 20. Nc4 f6 21. f4 e4 22. f5 Rcd8 23. Bd4 Rfe8 24. Nc2 e3 25. Bxd5+ Bxd5 26. fxg6 Ne4 27. b6 Qg7 28.
N4xe3 Ng5 29. h4 Qxg6 30. Rxf6 Qe4 31. Kh2 Nf3+ 32. Rxf3 Qxf3 33. Qxf3 Bxf3 34. Rf1 Be4 35. Ng4 Bg7 36. Bxg7 Kxg7 37. Nce3 Rd2+ 38. Rf2 Rxf2+ 39. Nxf2 axb6 40. Nc4 Bc6 41. a4 Re2 42. Kg1 Re1+ 43. Kh2 Rf1 44. g4 Rxf2+ 0-1

[Event "Early-Titled-Tuesday-Blitz-July-09-2024"]
[Site "Chess.com"]
[Date "2024.07.09"]
[Round "4"]
[White "Silent-Killer100"]
[Black "MatthewG-p4p"]
[Result "0-1"]
[WhiteElo "2523"]
[BlackElo "2912"]
[TimeControl "180+1"]
[EndTime "8:39:56 PDT"]
[Termination "MatthewG-p4p won by resignation"]

1. e4 e6 2. d4 d5 3. exd5 exd5 4.
Bd3 Nf6 5. Bf4 c5 6. c3 Nc6 7.
Nf3 Be7 8. O-O O-O 9. Nbd2 Bg4 10. dxc5 Bxc5 11. Nb3 Bb6 12. h3 Bh5 13. Be2 Re8 14.
Nfd4 Bg6 15. Bf3 Ne4 16. Re1 Qf6 17. Be3 Ne5 18. Be2 Rad8 19. Nd2 Nc5 20. N2f3 h6 21. Nxe5 Rxe5 22. Bf3 Nd3 23. Re2 Rde8 24. Qd2 Be4 25.
Rd1 Qg6 26. Kf1 R5e7 27. Kg1 Ne5 28. Bxe4 dxe4 29. Kf1 Rd7 30. Bf4 Nd3 31. Be3 f5 32.
g3 Qh5 33. Kg2 Ne5 34. Qc2 Red8 35. Bf4 Nf3 36. Be3 Qg6 37. Rf1 Ne5 38. Rd1 Qf6 39. Qb3+ Kh7 40. Qe6 Qxe6 41. Nxe6 Rxd1 42. Nxd8 Rxd8 0-1

[Event "Early-Titled-Tuesday-Blitz-July-09-2024"]
[Site "Chess.com"]
[Date "2024.07.09"]
[Round "4"]
[White "krzyzan94"]
[Black "ansko1999"]
[Result "1-0"]
[WhiteElo "2787"]
[BlackElo "2624"]
[TimeControl "180+1"]
[EndTime "8:39:57 PDT"]
[Termination "krzyzan94 won by resignation"]

1. e4 c5 2. Nf3 Nf6 3. e5 Nd5 4. c3 Nc6 5. Bc4 Nb6 6. Bb3 d6 7. exd6 Qxd6 8. O-O Be6 9. Na3 a6 10. Re1 Bxb3 11. Qxb3 Na5 12. Qd1 c4 13. Ne5 Qd5 14.
b4 Nc6 15. Nxc6 bxc6 16. Nc2 g6 17. a4 Bg7 18. Qe2 e6 19. a5 Nd7 20. Ne3 Qd3 21.
Nxc4 Qxe2 22. Rxe2 Ke7 23. Ba3 Kf6 24. Re3 g5 25. Rae1 Rhd8 26. Nd6 Kg6 27. d4 Nf6 28. Nb7 Rdb8 29. Nc5 Nd5 30. Rg3 h5 31. Bc1 Bf6 32.
Nd7 h4 33. Rf3 Rd8 34. Nxf6 Nxf6 35. h3 Nd5 36. Re5 Re8 37. Rxg5+ Kh7 38. Rxf7+ Kh8 39. Rg4 Re7 40. Rxe7 Nxe7 41. Rxh4+ Kg7 42. Re4 Kf7 43. h4 Nd5 44. Bd2 1-0

[Event "Early-Titled-Tuesday-Blitz-July-09-2024"]
[Site "Chess.com"]
[Date "2024.07.09"]
[Round "4"]
[White "arctic_t00"]
[Black "kripri"]
[Result "1-0"]
[WhiteElo "2653"]
[BlackElo "2333"]
[TimeControl "180+1"]
[EndTime "8:39:57 PDT"]
[Termination "arctic_t00 won by checkmate"]

1. d4 d5 2. Nf3 Nf6 3. Bf4 c5 4. e3 e6 5. Nbd2 Bd6 6. Bxd6 Qxd6 7. dxc5 Qxc5 8. c4 O-O 9. Rc1 Qb4 10. Qc2 Nc6 11. a3 Qa5 12. cxd5 exd5 13. Bd3 Bg4 14. O-O Rac8 15. Qb3 Qc7 16. h3 Be6 17. Qa4 Qb6 18.
Bb5 h6 19. Nb3 Rfd8 20. Bxc6 bxc6 21. Nc5 Nd7 22. Nxe6 fxe6 23. Qg4 Nf8 24. b4 c5 25. bxc5 Rxc5 26. Nd4 Rdc8 27. Rb1 Qa6 28. h4 R5c7 29. h5 Rb7 30. a4 Rxb1 31. Rxb1 Rc7 32. Rb8 Rb7 33. Re8 Rb1+ 34. Kh2 Qf1 35. Qxe6+ Kh7 36. Qf5+ Kg8 37. Rxf8# 1-0

[Event "Early-Titled-Tuesday-Blitz-July-09-2024"]
[Site "Chess.com"]
[Date "2024.07.09"]
[Round "4"]
[White "UK_23"]
[Black "FoggyMorning"]
[Result "0-1"]
[WhiteElo "2415"]
[BlackElo "2661"]
[TimeControl "180+1"]
[EndTime "8:39:57 PDT"]
[Termination "FoggyMorning won by checkmate"]

1. e4 e6 2. d4 d5 3. e5 c5 4. c3 Qb6 5. Nf3 Nc6 6. Be2 Bd7 7. O-O cxd4 8. cxd4 Nge7 9. Nc3 Nf5 10. Na4 Qd8 11.
a3 Be7 12. b4 O-O 13. Bb2 a5 14. b5 Na7 15. Qb3 Nc8 16. Rac1 Nb6 17. Nc5 a4 18.
Qd1 Ra7 19. g4 Nh4 20. Nxh4 Bxh4 21. f4 Be7 22. Kh1 f5 23. gxf5 exf5 24. Rg1 Nc4 25. Rxc4 dxc4 26. Bxc4+ Kh8 27. Qh5 Bxc5 28. dxc5 Be8 29.
Qe2 Bg6 30. e6 Qe7 31. Qe5 Raa8 32. Rd1 Rad8 33. Rd7 Rxd7 34. exd7 Qxd7 35. Bd5 Re8 36. Qd4 Re1+ 37. Kg2 Re2+ 38. Kg3 Rxb2 39. c6 Rb3+ 40. Kf2 bxc6 41. bxc6 Qd6 42. c7 Qxc7 43. Qxa4 Qc2+ 44. Ke1 Rb1# 0-1

[Event "Early-Titled-Tuesday-Blitz-July-09-2024"]
[Site "Chess.com"]
[Date "2024.07.09"]
[Round "4"]
[White "Mattheii"]
[Black "Timerkhanov"]
[Result "1-0"]
[WhiteElo "2478"]
[BlackElo "2674"]
[TimeControl "180+1"]
[EndTime "8:39:58 PDT"]
[Termination "Mattheii won by resignation"]

1. d4 d5 2. c4 c6 3. Nf3 Nf6 4. Nc3 dxc4 5. a4 Bf5 6. Ne5 Na6 7. e3 Nb4 8. Bxc4 e6 9. O-O Be7 10. Qe2 Bc2 11. Bd2 O-O 12. Rfc1 a5 13. Be1 Bg6 14.
Nxg6 hxg6 15. Rd1 Qc7 16. e4 e5 17. d5 cxd5 18. Nxd5 Nfxd5 19. Bxd5 Bc5 20. Rac1 Qb6 21. Qb5 Rac8 22. Qxb6 Bxb6 23. Bxb4 axb4 24. Bxb7 Rxc1 25. Rxc1 Rb8 26. Bd5 b3 27. Kf1 Bd4 28. Rc7 Bxb2 29. Rxf7 Kh7 30. Rb7 Rxb7 31. Bxb7 Bc3 32. Bd5 b2 33. Ba2 g5 34. Ke2 Kg6 35. Kd3 Bd4 36. Kc4 Bxf2 37. Kd5 Bd4 38. g4 Kf6 39. Kd6 Bc3 40. Kc5 Ke7 41. Kb6 Kd6 42. a5 Bd4+ 43. Kb7 g6 44. a6 Ba7 45. Kxa7 Kc7 46. Bb1 Kc6 47. Kb8 Kb6 48. a7 1-0

[Event "Early-Titled-Tuesday-Blitz-July-09-2024"]
[Site "Chess.com"]
[Date "2024.07.09"]
[Round "4"]
[White "BaylavChess"]
[Black "Goryachkina"]
[Result "1/2-1/2"]
[WhiteElo "2440"]
[BlackElo "2674"]
[TimeControl "180+1"]
[EndTime "8:39:59 PDT"]
[Termination "Game drawn by agreement"]

1. e4 c5 2. Nf3 e6 3. d4 cxd4 4. Nxd4 a6 5. Nc3 b5 6. g3 Bb7 7. Bg2 Nc6 8. O-O Bc5 9. Nxc6 Bxc6 10. Qg4 Nf6 11. Qxg7 Rg8 12. Qh6 b4 13. Nd1 Rg6 14.
Qh4 Nxe4 15. Qxh7 Qf6 16. Be3 Bd6 17. Qh5 Ke7 18. Qe2 Qg7 19. c3 f5 20. Bd4 e5 21.
Bxe4 Bxe4 22. f3 Bc6 23. Bf2 Kf8 24. Ne3 Qf7 25. Qc4 f4 26. Qxf7+ Kxf7 27. Nf5 Bc7 28. Bc5 bxc3 29. bxc3 Rb8 30. Rad1 Rb2 31. Rf2 Rxf2 32. Kxf2 Re6 33. Nd6+ Bxd6 34. Rxd6 Rxd6 35. Bxd6 Ke6 36. Ba3 fxg3+ 37. hxg3 e4 38. fxe4 Bxe4 39. Ke3 Bg6 40. Kf4 Bb1 41. g4 Bxa2 42. g5 Kf7 1/2-1/2

[Event "Early-Titled-Tuesday-Blitz-July-09-2024"]
[Site "Chess.com"]
[Date "2024.07.09"]
[Round "4"]
[White "bubeliang"]
[Black "Andreikka"]
[Result "0-1"]
[WhiteElo "2824"]
[BlackElo "3014"]
[TimeControl "180+1"]
[EndTime "8:40:00 PDT"]
[Termination "Andreikka won by resignation"]

1. e4 e5 2. Nf3 Nc6 3. Nc3 Nf6 4. Bb5 Bd6 5. Bxc6 dxc6 6. d3 Be6 7. O-O Qe7 8. a3 h6 9. b4 Nd7 10. d4 exd4 11.
Qxd4 f6 12. Bb2 c5 13. bxc5 Bxc5 14. Qd3 Qf7 15. Nd5 O-O-O 16. Bd4 Bxd5 17. exd5 Qxd5 18. Rfd1 Bxd4 19. Nxd4 Nc5 20. Qg3 Rd7 21. h3 Qg5 22. Qf3 Rhd8 23. c3 a6 24. Rab1 Qd5 25. Qg4 Kb8 26. Nf5 Qe6 27. Re1 Qd5 28. Ne3 Qe4 29.
Qg3 Nd3 30. Red1 Nf4 31. Kh2 Ne2 32. Qg4 Qxg4 33. hxg4 Nxc3 34. Rxd7 Rxd7 35. Rb3 Nb5 36. Nc4 Nd4 37. Rd3 c5 38. Ne3 b5 39. Kh3 Kc7 40.
Rc3 Kc6 41. Kh4 a5 42. Kh5 b4 43. axb4 axb4 44. Rc1 Kb5 45. Kg6 b3 46. Nc4 Nc2 47. Nb2 c4 0-1

[Event "Early-Titled-Tuesday-Blitz-July-09-2024"]
[Site "Chess.com"]
[Date "2024.07.09"]
[Round "4"]
[White "AradNazari"]
[Black "2Coaches1Profile"]
[Result "0-1"]
[WhiteElo "2789"]
[BlackElo "2591"]
[TimeControl "180+1"]
[EndTime "8:40:00 PDT"]
[Termination "2Coaches1Profile won by resignation"]

1. d4 Nf6 2. c4 c5 3. d5 e6 4. Nc3 exd5 5. cxd5 d6 6. e4 g6 7. f4 Bg7 8. Bb5+ Nfd7 9. Be2 Qh4+ 10.
g3 Qe7 11. Nf3 O-O 12. O-O Na6 13. Bd3 Nc7 14. a4 Nf6 15. f5 Ng4 16. Ra3 b6 17. h3 Ne5 18. Nxe5 Bxe5 19. Qf3 f6 20. Bh6 Re8 21. h4 Kh8 22. a5 Ba6 23. Bxa6 Nxa6 24. axb6 axb6 25. Rfa1 Nc7 26. Ra7 Rxa7 27. Rxa7 Ra8 28.
Rb7 Qd7 29. Kg2 gxf5 30. exf5 Rg8 31. g4 Qd8 32. Kh3 b5 33. Nxb5 Nxb5 34. Rxb5 Qa8 35. g5 Qa1 36. Rb3 Qg1 37. Qg2 Qd4 38. g6 hxg6 39. fxg6 c4 40. Rb7 Qd3+ 41. Be3 Qxe3+ 42. Kg4 Rxg6+ 43. Kf5 Rxg2 44. Ke6 Rg8 45. Kf7 0-1

[Event "Early-Titled-Tuesday-Blitz-July-09-2024"]
[Site "Chess.com"]
[Date "2024.07.09"]
[Round "4"]
[White "Kirill_Klukin"]
[Black "DanylaBagrov"]
[Result "1-0"]
[WhiteElo "2920"]
[BlackElo "2599"]
[TimeControl "180+1"]
[EndTime "8:40:01 PDT"]
[Termination "Kirill_Klukin won on time"]

1. d4 d6 2. Nf3 Nf6 3. c4 Nbd7 4. Nc3 e5 5. Bg5 Be7 6. e3 O-O 7. Be2 c6 8. O-O e4 9. Nd2 d5 10. cxd5 cxd5 11. Rc1 Nb6 12. a4 Bb4 13. Nb3 Bxc3 14. bxc3 Nxa4 15. Qc2 Bd7 16. c4 dxc4 17. Bxc4 Rc8 18.
Qa2 b5 19. Be2 Qb6 20. Qd2 Nd5 21. f3 Ndc3 22. Be7 Rfe8 23. Bc5 Nxe2+ 24. Qxe2 Qh6 25. f4 a6 26. f5 Rc6 27. Bb4 Rec8 28. Nc5 Nxc5 29.
Bxc5 Rf6 30. g4 Qg5 31. Be7 Rxc1 32. Rxc1 Bxf5 33. Bxf6 gxf6 34. h3 Be6 35. Rc5 Qh4 36.
Kg2 Qh6 37. Qf2 Kg7 38. Qf4 Qxf4 39. exf4 Bc4 40. d5 e3 41. d6 1-0

[Event "Early-Titled-Tuesday-Blitz-July-09-2024"]
[Site "Chess.com"]
[Date "2024.07.09"]
[Round "4"]
[White "praveenb2002"]
[Black "ArchibaldCerveza29"]
[Result "1-0"]
[WhiteElo "2830"]
[BlackElo "2428"]
[TimeControl "180+1"]
[EndTime "8:40:02 PDT"]
[Termination "praveenb2002 won by resignation"]

1. Nf3 d5 2. e3 Nf6 3. c4 e6 4. b3 c5 5. Bb2 Nc6 6. cxd5 exd5 7. Bb5 Be7 8. Ne5 Qc7 9. O-O O-O 10. Nxc6 bxc6 11.
Bd3 a5 12. Qc2 h6 13. Nc3 Re8 14. Na4 Ng4 15. f4 d4 16. exd4 cxd4 17. h3 Nf6 18.
Bxd4 Nd5 19. Be5 Qa7+ 20. Kh2 Nb4 21. Bh7+ Kh8 22. Qb1 Be6 23. Be4 Bd5 24. Bxd5 Nxd5 25. Qf5 Kg8 26. Rae1 Bf6 27. Nc3 Bxe5 28. fxe5 Nb4 29.
Ne4 Re6 30. Nc5 Re7 31. e6 fxe6 32. Nxe6 Nd5 33. Nf8 Nf6 34. Ng6 Qc7+ 35. Kh1 Rxe1 36. Rxe1 Re8 37. Rxe8+ Nxe8 38. Qf8+ Kh7 39. Qxe8 Qg3 40.
Nf8+ Kg8 41. Nd7+ Kh7 42. Qe4+ Kg8 43. Ne5 Qf2 44. Nf3 Qf1+ 45. Kh2 Qb5 46. Qc4+ 1-0

[Event "Early-Titled-Tuesday-Blitz-July-09-2024"]
[Site "Chess.com"]
[Date "2024.07.09"]
[Round "4"]
[White "abelmat"]
[Black "Dr_Pepper18"]
[Result "0-1"]
[WhiteElo "2121"]
[BlackElo "2447"]
[TimeControl "180+1"]
[EndTime "8:40:02 PDT"]
[Termination "Dr_Pepper18 won by checkmate"]

1. d4 Nf6 2. c4 g6 3. Nc3 Bg7 4. e4 d6 5. f3 O-O 6. Be3 c5 7. Nge2 Nc6 8. Qd2 Qa5 9. O-O-O e5 10.
dxc5 dxc5 11. Kb1 Nd4 12. Nd5 Qxd2 13. Rxd2 Ne8 14. Nec3 Nd6 15. h4 h5 16. Be2 Bd7 17. b3 Rab8 18. Bg5 f6 19. Be3 Rf7 20. f4 f5 21. Bd3 Re8 22. Rf2 exf4 23. Bxf4 Nxe4 24. Bxe4 fxe4 25. Re1 Bf5 26. Be3 a6 27. Ref1 b5 28.
cxb5 axb5 29. Bxd4 cxd4 30. Nxb5 e3+ 31. Rxf5 Rxf5 32.
Nbc7 Rxf1+ 33. Kc2 e2 34. Nxe8 e1=Q 35. Kd3 Qd1+ 36.
Kc4 Qe2+ 37. Kc5 Qxe8 38. Ne7+ Qxe7+ 39. Kd5 d3 40. Kc4 d2 41. a4 d1=Q 42. b4 Qc2+ 43.
Kb5 Rf5+ 44. Kb6 Qcc7+ 45. Ka6 Qa7# 0-1

[Event "Early-Titled-Tuesday-Blitz-July-09-2024"]
[Site "Chess.com"]
[Date "2024.07.09"]
[Round "4"]
[White "ValeriyGrinev"]
[Black "suspiciumchess"]
[Result "0-1"]
[WhiteElo "2654"]
[BlackElo "2429"]
[TimeControl "180+1"]
[EndTime "8:40:03 PDT"]
[Termination "suspiciumchess won by resignation"]

1. d4 Nf6 2. c4 g6 3. Nf3 Bg7 4. Nc3 O-O 5. e4 d6 6. Be2 e5 7. O-O a5 8. d5 Na6 9. Ne1 Nc5 10.
f3 Nh5 11. Be3 b6 12. Nd3 Nxd3 13. Qxd3 f5 14. b3 Nf4 15. Qd2 Qg5 16. g3 Nh3+ 17. Kh1 f4 18. Bf2 Bh6 19. g4 Nxf2+ 20. Rxf2 Qh4 21.
Qe1 Bg5 22. Rf1 Qxe1 23. Raxe1 Kf7 24. Nb5 Bd8 25. Kg2 Rh8 26. Rh1 h5 27. h3 Ke8 28. a4 Bd7 29. Reg1 Bxb5 30. cxb5 Kd7 31.
Kf1 Bh4 32. gxh5 g5 33. Kg2 Rxh5 34. Rc1 Rh7 35. Rc6 Rah8 36. Rhc1 Kd8 37. Bf1 Bg3 38. Kg1 Rg8 39. Bg2 Rgh8 40. Kf1 Rg7 41. R1c4 Bh4 42.
Ke2 Bg3 43. b4 axb4 44. Rxb4 Rhh7 45. a5 bxa5 46. b6 cxb6 47. Rxd6+ Rd7 48. Rbxb6 Rxd6 49. Rxd6+ Rd7 50. Ra6 Rb7 51. Rxa5 Rb2+ 52. Kf1 Rb1+ 53.
Ke2 Re1+ 54. Kd2 Rg1 55. d6 Be1+ 56. Kd3 Bxa5 0-1

[Event "Early-Titled-Tuesday-Blitz-July-09-2024"]
[Site "Chess.com"]
[Date "2024.07.09"]
[Round "4"]
[White "orackbbama"]
[Black "Rile-Man"]
[Result "0-1"]
[WhiteElo "2300"]
[BlackElo "2650"]
[TimeControl "180+1"]
[EndTime "8:40:03 PDT"]
[Termination "Rile-Man won on time"]

1. d4 Nf6 2. c4 e6 3. Nc3 Bb4 4. f3 d5 5. a3 Bxc3+ 6. bxc3 O-O 7. cxd5 Nxd5 8. e4 Ne7 9. Bd3 c5 10. Ne2 b6 11. O-O Ba6 12. Bxa6 Nxa6 13. Be3 Qc7 14. Qa4 Nb8 15. Rac1 Rc8 16. Rfd1 Qb7 17. dxc5 bxc5 18. Rb1 Qa6 19. Qxa6 Nxa6 20. Rd7 Nc6 21. Rbb7 Ne5 22. Re7 Rcb8 23. Rxa7 Nc6 24. Rxa8 Rxa8 25. Rb7 Ne5 26. Kf2 Nc4 27. Bc1 e5 28. Ng3 g6 29. Nf1 Na5 30.
Rb5 Nc4 31. Ne3 Nxe3 32. Bxe3 Kf8 33. a4 Rc8 34. Rb6 Nb8 35. a5 Nd7 36. Rb7 Nb8 37. Rb5 Na6 38. Rb6 Ra8 39. Rc6 Ke7 40. Bxc5+ Kd7 41. Rd6+ Kc7 42. Rd5 Kc6 43. Bb4 f6 44.
Rd6+ Kb5 45. Rxf6 Nb8 46. Rf7 Nc6 47. Rxh7 Rd8 48. Ke2 Ra8 49. Rg7 Ka4 50. Rxg6 Na7 51. h4 Nb5 52. g3 Na3 53. Bxa3 Kxa3 54. h5 Rxa5 55. h6 Kb3 56. h7 Ra3 57. h8=Q Ra2+ 58. Ke3 Kc4 59. Qc8+ Kb3 60. Rb6+ Kc2 0-1

[Event "Early-Titled-Tuesday-Blitz-July-09-2024"]
[Site "Chess.com"]
[Date "2024.07.09"]
[Round "4"]
[White "ural58"]
[Black "GeorgiosSouleidis"]
[Result "0-1"]
[WhiteElo "2414"]
[BlackElo "2660"]
[TimeControl "180+1"]
[EndTime "8:40:03 PDT"]
[Termination "GeorgiosSouleidis won on time"]

1. e4 c5 2. b3 e6 3. Nf3 b6 4. c4 Bb7 5. Nc3 Nc6 6. d4 cxd4 7. Nxd4 Bb4 8. Bb2 Nf6 9. f3 d5 10. Nxc6 Bxc6 11. cxd5 exd5 12. e5 Qe7 13. f4 Ne4 14. Qd3 O-O 15. a3 Bc5 16. Nd1 a5 17. Bd4 Bxd4 18. Qxd4 Qh4+ 19. g3 Nxg3 20. Qf2 Nf5 21. Qxh4 Nxh4 22. Kf2 f6 23. e6 Rae8 24. Bh3 f5 25.
Ne3 d4 26. Nc4 Bxh1 27. Rxh1 Rxe6 28. Re1 Rxe1 29. Kxe1 Rf6 30. Kf2 Kf8 31. Bf1 Ng6 32. Kf3 Ne7 33. Bd3 g6 34. Ne5 Ke8 35. h4 Kd8 36. b4 axb4 37. axb4 Kc7 38. Bc4 Nc6 39. Nd3 Rf8 40. b5 Na5 41. Bd5 Rd8 42. Be6 Kd6 43.
Ba2 Rc8 44. Ke2 Rc2+ 0-1

[Event "Early-Titled-Tuesday-Blitz-July-09-2024"]
[Site "Chess.com"]
[Date "2024.07.09"]
[Round "4"]
[White "ccccvhhhj"]
[Black "KnightmareJoker"]
[Result "1-0"]
[WhiteElo "2522"]
[BlackElo "2320"]
[TimeControl "180+1"]
[EndTime "8:40:03 PDT"]
[Termination "ccccvhhhj won by checkmate"]

1. e4 e5 2. Nf3 Nf6 3. Nxe5 d6 4. Nf3 Nxe4 5. Nc3 Nxc3 6. dxc3 Be7 7. Be3 O-O 8. Qd2 a5 9. h4 a4 10. a3 Bf6 11. Bd3 Nc6 12. Ng5 h6 13. Nh7 Re8 14. Nxf6+ Qxf6 15. O-O-O Ne5 16. Be2 Be6 17. Kb1 Bc4 18.
Bd4 Bxe2 19. Qxe2 c5 20. Be3 b5 21. g4 Qg6 22. h5 Qxg4 23. Qf1 Nc4 24. Rg1 Nxe3 25.
fxe3 Qxh5 26. Rxd6 Rxe3 27. Qg2 g6 28. Rd5 Qe2 29.
Qh1 Rae8 30. Qxh6 R3e6 31. Rh1 f5 32. Rd7 Qe1+ 33. Rxe1 Rxe1+ 34. Ka2 R8e7 35. Qxg6+ Kf8 36. Qf6+ Ke8 37. Rxe7+ Rxe7 38. Qxf5 Rc7 39. Qe5+ Kd8 40. Qh8+ Kd7 41. Qg7+ Kc6 42. Qf6+ Kb7 43. Qf3+ Rc6 44. Qd5 Kb6 45. Kb1 Rh6 46. Qd8+ Ka6 47. Qa8+ Kb6 48. Qb8+ Ka6 49. c4 bxc4 50. Qc8+ Kb6 51. Qb8+ Ka6 52. Qe5 Rc6 53. Qc3 Kb5 54. Ka2 Rd6 55. Qe5 Rb6 56.
Qe8+ Rc6 57. c3 Ka5 58. Qb8 Rb6 59. Qa8+ Kb5 60. Kb1 Rc6 61. Kc2 Rb6 62. Qe8+ Rc6 63. Kd2 Kb6 64. Ke3 Kb5 65. Ke4 Ka5 66. Kd5 Rb6 67. Kxc5 Rc6+ 68. Kxc6 Ka6 69. Qa8# 1-0

[Event "Early-Titled-Tuesday-Blitz-July-09-2024"]
[Site "Chess.com"]
[Date "2024.07.09"]
[Round "4"]
[White "Nitzan_Steinberg"]
[Black "sergeikim"]
[Result "1-0"]
[WhiteElo "2872"]
[BlackElo "2590"]
[TimeControl "180+1"]
[EndTime "8:40:04 PDT"]
[Termination "Nitzan_Steinberg won by resignation"]

1. e4 e5 2. Nf3 Nc6 3. Bb5 a6 4. Ba4 Nf6 5. O-O b5 6. Bb3 Bc5 7. a4 Bb7 8. c3 d6 9. d4 Bb6 10. Re1 h6 11. h3 O-O 12. Be3 Re8 13. d5 Ne7 14. Bxb6 cxb6 15. axb5 axb5 16. Rxa8 Qxa8 17. Na3 Qa5 18. Nc2 Ng6 19. Qe2 Nf4 20. Qe3 b4 21.
Nxb4 Qc5 22. Ba4 Ra8 23. Bc6 Bxc6 24. dxc6 Rc8 25. Rd1 Ne8 26. Kh2 Ne6 27. Qe2 b5 28. Rd5 Qc4 29. Qxc4 bxc4 30. Nd2 Nc5 31. f3 Nd3 32. Nxc4 Nxb4 33. cxb4 Rxc6 34. b3 Ra6 35. b5 Ra8 36. b6 Rb8 37. Nxd6 Nxd6 38. Rxd6 Kf8 39. b4 Ke7 40. Rc6 Kd7 41. b5 g6 42.
h4 h5 43. Kg1 Ke7 44. Kf2 Kd7 45. Ke3 Ra8 46. Rc7+ Ke6 47. b7 Rb8 48. Kd3 f6 49.
Kc4 Kd6 50. b6 Ke6 51. Kb5 f5 52. Ka6 fxe4 53. fxe4 Kd6 54. Rc8 1-0